 Dungeon Crawl Stone Soup version 0.16-a0-253-g996e5b4 (webtiles) character file.

323 PolkaDot the Insei (level 6, -1/47 HPs)
             Began as a Draconian Transmuter on Aug 23, 2014.
             Slain by a black bear skeleton (2 damage)
             ... on Level 4 of the Dungeon.
             The game lasted 00:11:05 (4589 turns).

PolkaDot the Insei (Draconian Transmuter)           Turns: 4589, Time: 00:11:05

HP  -1/47        AC  2     Str 17      XL: 6   Next: 23%
MP   8/10        EV 19     Int 13      God:
Gold 192         SH  0     Dex 19      Spells:  3 memorised,  1 level left

rFire  . . .     SeeInvis .       - Unarmed
rCold  . . .     Clarity  .     (armour unavailable)
rNeg   . . .     rCorr    .     (shield currently unavailable)
rPois  x         rRot     .     (helmet currently unavailable)
rElec  .         Spirit   .     k - melded +0 cloak
SustAb .         Warding  .     (gloves currently unavailable)
rMut   .         Stasis   .     (boots currently unavailable)
Gourm  .                        (no amulet)
MR     .....                    (no ring)
                                (no ring)

@: mighty, lethally poisoned, spider-form (expiring), not resistant to hostile
enchantments, unstealthy
A: unfitting armour, (cold-blooded), AC +6
a: End Transformation


You were on level 4 of the Dungeon.
You were not hungry.
You were in spider-form.
You visited 1 branch of the dungeon, and saw 4 of its levels.

You collected 192 gold pieces.

Inventory:

Missiles
 b - 54 arrows
Armour
 k - a +0 cloak (melded)
Comestibles
 a - 3 bread rations
 f - a royal jelly
 i - 2 fruits
Scrolls
 c - 2 scrolls of enchant weapon {unknown}
 e - 3 scrolls of recharging {unknown}
 h - 2 scrolls of teleportation {unknown}
 m - 3 scrolls of identify {unknown}
 n - a scroll of fear {unknown}
 p - a scroll of remove curse {unknown}
Jewellery
 j - an uncursed ring of ice {unknown}
Potions
 g - a potion of porridge
Books
 d - a book of Changes

   Spells                             Type                      Level
   *Beastly Appendage                 Transmutation                1
   Sticks to Snakes                   Transmutation                2
   *Spider Form                       Transmutation/Poison         3
   *Ice Form                          Ice/Transmutation            4
   Blade Hands                        Transmutation                5


   Skills:
 - Level 1.1 Fighting
 - Level 1.7 Dodging
 + Level 5.6 Unarmed Combat
 - Level 2.0 Spellcasting
 + Level 3.6 Transmutations
 * Level 2.4 Ice Magic


You had one spell level left.
You knew the following spells:

 Your Spells              Type           Power        Failure   Level  Hunger
a - Beastly Appendage     Trmt           ##....       21%         1    ##.....
i - Ice Form              Ice/Trmt       #.......     89%         4    #####..
s - Spider Form           Trmt/Pois      #.........   61%         3    ####...


Dungeon Overview and Level Annotations

Branches:
Dungeon (4/15)
 Temple: D:4-7

Altars:
Dithmenos
Gozag
Vehumet


Innate Abilities, Weirdness & Mutations

((Your plain brown scales are hard (AC +6).))
Your body does not fit into most forms of armour.
((Your cold-blooded metabolism reacts poorly to cold.))


Message History

The black bear skeleton barely misses you.
The scorpion stings you but does no damage.
Drink which item? (? for menu, Esc to quit)
You feel very mighty all of a sudden.
It was a potion of might.
* * * LOW HITPOINT WARNING * * *
You feel very sick.
You kill the scorpion!
* * * LOW HITPOINT WARNING * * *
You feel very sick.
The black bear skeleton barely misses you.
The black bear skeleton completely misses you.
The black bear skeleton barely misses you.
You see here a scorpion corpse.
You bite the black bear skeleton!
* * * LOW HITPOINT WARNING * * *
You feel very sick.
The black bear skeleton bites you but does no damage.
The black bear skeleton claws you.
You die...

##+###+#
#......+
+......#
#......#
#.<#
#Zs#
#....#
#....+
#....#
+....#
###+##


You could see a black bear skeleton.

Vanquished Creatures
  An ogre (D:3)
  A scorpion (D:4)
  3 gnolls (D:2)
  6 adders
  2 worms (D:3)
  A giant mite (D:2)
  2 giant geckos
  2 oozes (D:2)
  An orc (D:3)
  2 ball pythons
  7 bats
  5 giant cockroaches
  10 hobgoblins
  5 jackals
  2 quokkas (D:2)
  3 giant newts
  14 goblins
  9 kobolds
  7 rats
83 creatures vanquished.

Notes
Turn   | Place    | Note
--------------------------------------------------------------
     0 | D:1      | PolkaDot, the Draconian Transmuter, began the quest for the Orb.
     0 | D:1      | Reached XP level 1. HP: 16/16 MP: 3/3
   729 | D:1      | Reached XP level 2. HP: 20/23 MP: 4/4
  1390 | D:2      | Reached XP level 3. HP: 12/28 MP: 4/6
  1749 | D:2      | Reached skill level 4 in Unarmed Combat
  2026 | D:2      | Reached XP level 4. HP: 10/35 MP: 5/7
  2301 | D:2      | Found a shadowy altar of Dithmenos.
  2302 | D:2      | Found a radiant altar of Vehumet.
  3170 | D:1      | Learned a level 3 spell: Spider Form
  3184 | D:2      | Reached skill level 5 in Unarmed Combat
  3195 | D:2      | Reached XP level 5. HP: 34/40 MP: 7/9
  3201 | D:2      | Learned a level 4 spell: Ice Form
  3937 | D:3      | Found an opulent altar of Gozag.
  4023 | D:3      | Noticed an ogre
  4037 | D:3      | Killed an ogre
  4037 | D:3      | Reached skill level 1 in Ice Magic
  4151 | D:3      | Reached XP level 6. HP: 36/47 MP: 10/10
  4589 | D:4      | HP: 1/47 [poisoned by a scorpion]
  4589 | D:4      | Slain by a black bear skeleton

Action                   |  1- 3 |  4- 6 || total
-------------------------+-------+-------++-------
Melee: Unarmed           |   155 |   185 ||   340
 Cast: Beastly Appendage |     9 |     2 ||    11
       Spider Form       |       |     4 ||     4
  Use: Potion            |       |     6 ||     6
 Stab: Sleeping          |     1 |       ||     1
  Eat: Chunk             |     4 |     3 ||     7
